 Dungeon Crawl Stone Soup version 0.27-a0-1322-gfdffb62a71 (webtiles) character file.

Game seed: 7184076330341610104

423 funkygono the Firebug (level 6, 0/33 HPs)
             Began as a Gargoyle Fire Elementalist on June 23, 2021.
             Killed from afar by Sigmund (7 damage)
             ... with a magic dart
             ... on level 3 of the Dungeon.
             The game lasted 00:06:10 (3501 turns).

funkygono the Firebug (Gargoyle Fire Elementalist)  Turns: 3501, Time: 00:06:11

Health: 0/33       AC:  7    Str: 11    XL:     6   Next: 95%
Magic:  11/11      EV: 12    Int: 18    God:
Gold:   151        SH:  0    Dex: 10    Spells: 1/12 levels left

rFire    . . .     SeeInvis .   i - +0 flail (protect)
rCold    . . .     Faith    .   (no shield)
rNeg     + . .     Spirit   .   a - +0 robe
rPois    ∞         Reflect  .   (no helmet)
rElec    +         Harm     .   c - +0 cloak
rCorr    .         Rampage  .   (no gloves)
Will     .....                  (no boots)
Stlth    ++........             (no amulet)
HPRegen  0.11/turn              (no ring)
MPRegen  0.12/turn              (no ring)

@: no status effects
A: sickness immunity, AC +4, negative energy resistance 1, electricity
resistance, torment resistance 1, petrification resistance
a: no special abilities


You were on level 3 of the Dungeon.
You visited 1 branch of the dungeon, and saw 3 of its levels.

You collected 151 gold pieces.

Inventory:

Hand Weapons
 i - a +0 flail of protection (weapon)
 l - a +0 great sword of electrocution
Missiles
 e - 66 stones
Armour
 a - a +0 robe (worn)
 c - a +0 cloak (worn)
Scrolls
 d - a scroll of teleportation {unknown}
Potions
 b - a potion of flight {unknown}
 f - 2 potions of attraction
 g - a potion of magic {unknown}
 h - 3 potions of lignification
 j - a potion of invisibility {unknown}
 k - a potion of cancellation {unknown}
 m - a potion of curing {unknown}


   Skills:
 + Level 0.5 Fighting
 + Level 2.7 Maces & Flails
 + Level 2.1 Dodging
 - Level 2.1 Stealth
 * Level 3.8 Spellcasting
 * Level 3.0 Conjurations
 * Level 4.6 Fire Magic
 * Level 1.0 Ice Magic


You had one spell level left.
You knew the following spells:

 Your Spells              Type           Power      Damage    Failure   Level
a - Foxfire               Conj/Fire      68%        2x1d7     3%          1
b - Conjure Flame         Conj/Fire      17%        6-21      10%         3
c - Sticky Flame          Conj/Fire      17%        2d4       30%         4
d - Frozen Ramparts       Ice            14%        1d3       30%         3

Your spell library contained the following spells:

 Spells                   Type           Power      Damage    Failure   Level
 Freeze                   Ice            28%        1d5       10%         1
 Inner Flame              Hex/Fire       11%        N/A       17%         3
 Ozocubu's Armour         Ice            7%         N/A       30%         3
 Hailstorm                Conj/Ice       10%        3d5       54%         4
 Fireball                 Conj/Fire      8%         3d6       65%         5
 Metabolic Englaciation   Hex/Ice        2%         N/A       98%         5


Dungeon Overview and Level Annotations

Branches:
Dungeon (3/15)

Altars:
Cheibriados

Annotations:
D:3 Sigmund, Terence


Innate Abilities, Weirdness & Mutations

You are immune to sickness and miasma.
Your stone body is resilient. (AC +4)
You are immune to poison.
You resist negative energy. (rN+)
You are resistant to electric shocks. (rElec)
You are resistant to unholy torment.
You are immune to petrification.


Message History

The orc is heavily wounded.
The foxfire hits the orc.
You kill the orc!
The foxfire hits the kobold.
You kill the kobold!
Your foxfire dissipates!
Your Conjurations skill increases to level 3!
Sigmund says, "Your kind have come here before.
I understand now why.
You desire death..."
Casting: Foxfire (safe; 3% risk of failure)
Confirm with . or Enter, or press ? or * to list all spells.
You conjure some foxfire!
Your foxfire dissipates!
The foxfire hits Sigmund.
Sigmund is lightly wounded.
Terence screams, "I want your blood!" Sigmund casts a spell at you.
You are confused.
Sigmund gestures at you while chanting. You resist with some effort.
You bump into the rock wall.
You're too confused to move!
You are too confused!
Unknown command.
You bump into the rock wall.
Sigmund casts a spell at you. You resist with some effort.
You're too confused to move!
You feel less confused. Sigmund barely misses you. Sigmund misses you.
You see here a jackal skeleton.
You see here a jackal skeleton.
Okay, then.
Terence says, "You're history."
Terence looks scornfully at you.
Sigmund points at you and mumbles some strange words.
The puff of flame hits you!
* * * LOW HITPOINT WARNING * * *
Sigmund points at you and mumbles some strange words.
The magic dart hits you!
You die...

##...............##.#.# #.
.#....................# ##.
.................##...#########..
##............#......[.....<.....
##...........##.#................
##...........##.#.#.[##########.#
##...........##)..#..# #..
##...........######..# #######.#
##..............@....# ........#
#####.#.##..)........## #######.#
# #.................# #####.# #
#######.^.#######.#.# #.....# #
#...#######.#.# #.###.# #
#@@.........#.# #.# #.# #
#...........#.# #.# #.# #
#...........#.###.###.#
#...........#..........


You could see Sigmund and Terence.

Vanquished Creatures
  Grinder (D:3)
  An ice beast (D:3)
  Natasha (twice) (D:3)
  An adder (D:2)
  A dart slug (D:2)
  5 orcs (D:3)
  5 ball pythons
  2 bats (D:1)
  4 endoplasms
  2 giant cockroaches
  6 hobgoblins
  4 jackals
  7 kobolds
  8 quokkas
  A frilled lizard (D:1)
  6 goblins
  10 rats
66 creatures vanquished.

Vanquished Creatures (others)
  A dart slug (D:3)
  212 foxfires
  3 plants (D:1)
216 creatures vanquished.

Grand Total: 282 creatures vanquished

Notes
Turn   | Place    | Note
-------+----------+-------------------------------------------
     0 | D:1      | funkygono the Gargoyle Fire Elementalist began the quest
                  | for the Orb.
     0 | D:1      | Reached XP level 1. HP: 10/10 MP: 3/3
   170 | D:1      | Reached XP level 2. HP: 15/15 MP: 1/5
   991 | D:1      | Found a faded altar of an unknown god.
  1238 | D:1      | Reached XP level 3. HP: 19/19 MP: 4/6
  1636 | D:2      | Learned a level 3 spell: Conjure Flame
  2131 | D:2      | Reached XP level 4. HP: 24/24 MP: 1/7
  2132 | D:2      | Reached skill level 1 in Maces & Flails
  2321 | D:2      | Learned a level 4 spell: Sticky Flame
  2342 | D:3      | Found a snail-covered altar of Cheibriados.
  2342 | D:3      | Noticed Natasha
  2349 | D:3      | Killed Natasha
  2680 | D:3      | Noticed Grinder
  2689 | D:3      | Paralysed by Grinder for 6 turns
  2707 | D:3      | Killed Grinder
  2708 | D:3      | Reached skill level 4 in Fire Magic
  2708 | D:3      | Reached XP level 5. HP: 5/28 MP: 1/10
  2708 | D:3      | Reached XP level 6. HP: 6/33 MP: 1/11
  2951 | D:3      | Learned a level 3 spell: Frozen Ramparts
  3059 | D:3      | Noticed an ice beast
  3063 | D:3      | Killed an ice beast
  3311 | D:3      | Noticed Natasha
  3318 | D:3      | Killed Natasha
  3319 | D:3      | Reached skill level 1 in Ice Magic
  3432 | D:3      | Noticed Terence
  3435 | D:3      | Noticed Sigmund
  3501 | D:3      | Killed from afar by Sigmund

Illustrated notes

Levels and vault maps discovered:
D:1:      dpeg_arrival_subterranean_lakeside_camping, layout_basic,
          dilly_ecumenical_altar_fadedgnrine
D:2:      layout_basic, minmay_split_cup_small
D:3:      layout_loops_ring, kennysheep_slug_shrine, minivault_26, st_stairs_14,
          minmay_increasing_density, uniq_natasha, uniq_sigmund, uniq_grinder,
          uniq_terence

Skill      XL: |  1  2  3  4  5  6 |
---------------+-------------------+-----
Maces & Flails | 2 |  2.7
Dodging        | 2 |  2.1
Spellcasting   | 3 |  3.8
Conjurations   | 2 3 |  3.0
Fire Magic     | 4 |  4.6
Ice Magic      | 1 |  1.0
Fighting       | |  0.5
Stealth        | |  2.1

Action                   |  1- 3 |  4- 6 || total
-------------------------+-------+-------++-------
Melee: Club              |    11 |       ||    11
       Flail             |       |    18 ||    18
 Cast: Foxfire           |    70 |    57 ||   127
  Use: Scroll            |     3 |     3 ||     6
       Potion            |       |     1 ||     1
 Stab: Sleeping          |       |     2 ||     2
Armor: Robe              |    11 |    10 ||    21
Dodge: Dodged            |    16 |    19 ||    35

Table legend: (Time is in decaauts)
 A = Elapsed time spent in this place.
 B = Non-inter-level travel time spent in this place.
 C = Inter-level travel time spent in this place.
 D = Time resting spent in this place.
 E = Time spent auto-exploring this place.
 F = Levels seen in this place.
 G = Mean time per level.
                   A        B        C        D        E       F      G
               +--------+--------+--------+--------+--------+-----+--------+
         Total |   3508 |   3463 |     45 |    237 |   2712 |   3 | 1169.3 |
       Dungeon |   3508 |   3463 |     45 |    237 |   2712 |   3 | 1169.3 |
               +--------+--------+--------+--------+--------+-----+--------+

Top non-repeatable levels by time:
     D:1: 1371 daAuts
     D:3: 1164 daAuts
     D:2: 972 daAuts
